 Dungeon Crawl Stone Soup version 0.22-a0-348-gd16d1391c7 (webtiles) character file.

34 Laan the Chopper (level 3, 0/23 HPs)
             Began as a Gargoyle Berserker on Apr 10, 2018.
             Was a Believer of Trog.
             Engulfed by a cloud of steam (10 damage)
             ... on level 1 of the Dungeon.
             The game lasted 00:01:34 (895 turns).

Laan the Chopper (Gargoyle Berserker)                Turns: 895, Time: 00:01:35

Health: 0/23       AC: 16    Str: 21    XL:     3   Next: 31%
Magic:  3/3        EV:  6    Int:  7    God:    Trog [**....]
Gold:   41         SH:  0    Dex:  9    Spells: 2/2 levels left

rFire    . . .     SeeInvis .   a - +0 hand axe
rCold    . . .     Gourm    .   (no shield)
rNeg     + . .     Faith    .   f - +0 plate armour
rPois    ∞         Spirit   .   (no helmet)
rElec    +         Reflect  .   (no cloak)
rCorr    .         Harm     .   (no gloves)
MR       .....                  j - +0 pair of boots
Stlth    ..........             (no amulet)
HPRegen  0.07/turn              e - +1 ring of protection
MPRegen  0.08/turn              h - ring of flight (curse)

@: flying
A: negative energy resistance 1, electricity resistance, unbreathing,
petrification resistance, rot immunity, AC +3
a: Berserk, Trog's Hand, Renounce Religion, Stop Flying


You were on level 1 of the Dungeon.
You worshipped Trog.
Trog was pleased with you.
You were not hungry.

You visited 1 branch of the dungeon, and saw 1 of its levels.

You collected 41 gold pieces.

Inventory:

Hand Weapons
 a - a +0 hand axe (weapon)
Armour
 f - a +0 plate armour (worn)
 j - a +0 pair of boots (worn)
Jewellery
 e - a +1 ring of protection (left hand)
 h - a cursed ring of flight (right hand)
Scrolls
 b - 4 scrolls of identify {unknown}
 d - a scroll of remove curse {unknown}
 g - 2 scrolls of fog {unknown}
 k - a scroll of enchant weapon {unknown}
Comestibles
 c - 2 rations


   Skills:
 - Level 3.2 Fighting
 + Level 3.9 Axes
 - Level 2.1 Armour
 - Level 1.5 Dodging


You had 2 spell levels left.
You didn't know any spells.

Dungeon Overview and Level Annotations

Branches:
Dungeon (1/15)

Altars:


Innate Abilities, Weirdness & Mutations

You are resistant to torment.
Your stone body is resilient. (AC +3)
You are immune to poison.
You resist negative energy. (rN+)
You are resistant to electric shocks. (rElec)
You can survive without breathing.
You are immune to petrification.
You are immune to rotting.


Message History

Why would you want to do that?
You enter the shallow water.
Moving in this stuff is going to be slow.
You feel very buoyant.
You fly up into the air.
You feel somewhat more hungry.
Really fly into a travel-excluded area?
Really fly into a travel-excluded area?
Really fly into a travel-excluded area?
Okay, then.
Really fly into a travel-excluded area?
You are engulfed in a cloud of scalding steam.
You are engulfed in a cloud of scalding steam.
Really fly into a travel-excluded area?
You are engulfed in a cloud of scalding steam.
You are engulfed in a cloud of scalding steam.
You are engulfed in a cloud of scalding steam.
You are engulfed in a cloud of scalding steam.
You are engulfed in a cloud of scalding steam.
You are engulfed in a cloud of scalding steam.
You die...

## #########
#### #........
#..# #########
##..# ###
##)§.######§#
#§§§≈##§§#§§##
#§§§§#§##≈≈≈≈#
#@§§§§§###≈≈≈#
#§§§§### #≈###
#§§§§# ###
#....# #.#..#
#.#..# ###
#.##.#####.#
#.....(.((.#
##########(#


There were no monsters in sight!

Vanquished Creatures
  2 dart slugs (D:1)
  A giant cockroach (D:1)
  3 goblins (D:1)
  3 hobgoblins (D:1)
  4 jackals (D:1)
  4 bats (D:1)
  A frilled lizard (D:1)
  5 kobolds (D:1)
  5 rats (D:1)
28 creatures vanquished.

Notes
Turn   | Place    | Note
-------+----------+-------------------------------------------
     0 | D:1      | Laan the Gargoyle Berserker began the quest for the Orb.
     0 | D:1      | Reached XP level 1. HP: 14/14 MP: 1/1
   105 | D:1      | Reached XP level 2. HP: 13/19 MP: 2/2
   360 | D:1      | Reached XP level 3. HP: 22/23 MP: 3/3
   411 | D:1      | Reached ** piety under Trog
   895 | D:1      | Engulfed by a cloud of steam

Vault maps used:
D:1:      doesnt_arrival_eight_statues, minivault_27, grunt_decor_clamped,
          lemuel_another_geyser

Skill      XL: |  1 |
---------------+----+-----
Axes           | 3 |  3.9
Fighting       | |  3.2
Armour         | |  2.1
Dodging        | |  1.5

Action                   || total
-------------------------++-------
Melee: Hand axe          ||    80
 Abil: Evoke Flight      ||     1
Armor: Plate armour      ||    84
       Animal skin       ||     3
Dodge: Dodged            ||    32

Table legend:
 A = Spawn XP
 B = Non-spawn XP
 C = Spawn XP percentage of total XP
 D = Spawn monster count
 E = Non-spawn monster count
 F = Spawn count percentage of total count
 G = Total turns spent on level
                    A         B        C        D         E        F      G
               +---------+---------+-------+---------+---------+-------+---------
         Total |       0 |      49 |   0.0 |       0 |      28 |   0.0 |   895
               +---------+---------+-------+---------+---------+-------+---------
           D:1 |       0 |      49 |   0.0 |       0 |      28 |   0.0 |   895
               +---------+---------+-------+---------+---------+-------+---------
